 Dungeon Crawl Stone Soup version 0.29.1-2-gbd0b4ee654 (webtiles) character file.

Game seed: 4307393924183731708

5152 Woods the Martial Artist (level 10, -10/76 HPs)
             Began as a Gnoll Transmuter on Nov 4, 2022.
             Was a Believer of Ashenzari.
             Mangled by a manticore (20 damage)
             ... on level 10 of the Dungeon.
             The game lasted 00:27:08 (11768 turns).

Woods the Martial Artist (Gnoll Transmuter)        Turns: 11768, Time: 00:27:09

Health: -10/76     AC:  2    Str: 15    XL:     10   Next: 59%
Magic:  20/21      EV: 25    Int: 17    God:    Ashenzari [**....]
Gold:   408        SH:  0    Dex: 18    Spells: 14/24 levels left

rFire   . . .      SeeInvis +     - Unarmed
rCold   . . .      Faith    .   (shield currently unavailable)
rNeg    . . .      Spirit   .   (body armour currently unavailable)
rPois   x          Reflect  .   (helmet currently unavailable)
rElec   .          Harm     .   (cloak currently unavailable)
rCorr   .          Rampage  .   (gloves currently unavailable)
Will    .....                   (boots currently unavailable)
Stlth   +++.......              y - amulet of magic regeneration
HPRegen 0.22/turn               h - +6 ring of strength
MPRegen 0.57/turn               (no ring)

@: spider-form, spiked
A: venomous fangs, tiny, (fangs 1), strong nose, distributed training
a: End Transformation, Renounce Religion, Shatter the Chains


You were on level 10 of the Dungeon.
You worshipped Ashenzari.
Ashenzari was pleased with you.
You were a venomous arachnid creature.
You visited 2 branches of the dungeon, and saw 11 of its levels.
You also visited: Ossuary.

You collected 408 gold pieces.

Inventory:

Missiles
 B - 4 throwing nets
Armour
 a - a +0 robe
 i - the cursed +0 pair of boots "Visionary Augurer" (melded) {Self, Comp}
   (You found it on level 1 of the Dungeon)

   It has a curse which improves the following skills: Introspection: Fighting
   and Spellcasting.
   Companions: Summonings and Necromancy.
 H - the cursed +1 robe of Vines (melded) {NoPotionHeal Regen++++, Elem, Melee}
   (You found it on level 7 of the Dungeon)

   Its wearer cannot be healed by potions.
   Regen:     It increases your rate of health regeneration.
   It has a curse which improves the following skills: Elements: Fire Magic, Ice
   Magic, Air Magic and Earth Magic.
   Melee Combat: Short Blades, Long Blades, Axes, Maces & Flails, Polearms,
   Staves and Unarmed Combat.
 I - the cursed +1 helmet of Ashenzari's Doubts (melded) {Elem, Bglg}
   (You took it off Robin on level 4 of the Dungeon)

   It has a curse which improves the following skills: Elements: Fire Magic, Ice
   Magic, Air Magic and Earth Magic.
   Beguiling: Conjurations, Hexes and Translocations.
 K - +0 acid dragon scales
 M - a +2 hat
Magical Staves
 e - a staff of fire
Jewellery
 h - a +6 ring of strength (left front leg)
 y - an amulet of magic regeneration (around neck)
 Q - a ring of ice
Wands
 t - a wand of charming (12)
 x - a wand of digging (6)
 A - a wand of polymorph (4)
 D - a wand of flame (21)
 G - a wand of mindburst (20)
Scrolls
 d - 3 scrolls of butterflies
 f - a scroll of immolation
 g - a scroll of torment
 k - 3 scrolls of fear
 m - 2 scrolls of poison
 n - 2 scrolls of amnesia
 r - a scroll of brand weapon
 s - 3 scrolls of teleportation
 z - 4 scrolls of enchant armour
 C - a scroll of noise
 E - 3 scrolls of vulnerability
 F - a scroll of acquirement
 L - a scroll of blinking
 O - 2 scrolls of enchant weapon
Potions
 b - 3 potions of lignification
 c - 3 potions of magic
 j - 4 potions of heal wounds
 l - 4 potions of curing
 o - 5 potions of flight
 p - 3 potions of brilliance
 q - 3 potions of haste
 u - a potion of resistance
 v - 3 potions of berserk rage
 w - 2 potions of ambrosia
 J - 2 potions of mutation
 N - 2 potions of cancellation
 P - a potion of might


   Skills:
 + Level 6.2 Fighting
 + Level 5.6 Short Blades
 + Level 5.6 Long Blades
 + Level 5.6 Axes
 + Level 5.6 Maces & Flails
 + Level 5.6 Polearms
 + Level 5.6 Staves
 + Level 5.6 Ranged Weapons
 + Level 5.6 Throwing
 + Level 5.6 Armour
 + Level 7.3 Dodging
 + Level 5.6 Stealth
 + Level 5.6 Shields
 + Level 8.7 Unarmed Combat
 + Level 7.6 Spellcasting
 + Level 4.6 Conjurations
 + Level 4.6 Hexes
 + Level 4.6 Summonings
 + Level 4.6 Necromancy
 + Level 4.6 Translocations
 + Level 6.1 Transmutations
 + Level 4.6 Fire Magic
 + Level 4.6 Ice Magic
 + Level 4.6 Air Magic
 + Level 4.6 Earth Magic
 + Level 4.6 Poison Magic
 + Level 6.2 Invocations
 + Level 5.6 Evocations


You had 14 spell levels left.
You knew the following spells:

 Your Spells              Type           Power      Damage    Failure   Level
a - Beastly Appendage     Tmut           54%        N/A       4%          1
b - Wereblood             Tmut           27%        N/A       6%          2
c - Spider Form           Tmut/Pois      24%        N/A       12%         3
d - Passage of Golubria   Tloc           22%        N/A       34%         4

Your spell library contained the following spells:

 Spells                   Type           Power      Damage    Failure   Level
 Slow                     Hex            88%        N/A       7%          1
 Ensorcelled Hibernation  Hex/Ice        44%        N/A       10%         2
 Confusing Touch          Hex            22%        N/A       14%         3
 Tukima's Dance           Hex            22%        N/A       14%         3
 Vampiric Draining        Necr           22%        2d7       14%         3
 Ice Form                 Ice/Tmut       24%        N/A       28%         4
 Anguish                  Hex/Necr       11%        N/A       34%         4
 Summon Ice Beast         Ice/Summ       22%        N/A       34%         4
 Yara's Violent Unravell  Hex/Tmut       12%        3d7       54%         5
 Summon Mana Viper        Hex/Summ       22%        N/A       63%         5
 Monstrous Menagerie      Summ           11%        N/A       100%        7


Dungeon Overview and Level Annotations

Branches:
Dungeon (10/15)            Temple (1/1) D:4         Ossuary (visited)
   Lair: D:8-11         Orc: D:9-12

Altars:
Ashenzari
Dithmenos
Elyvilon
Fedhas
Gozag
Hepliaklqana
Kikubaaqudgha
Makhleb
Nemelex Xobeh
Okawaru
Qazlal
Ru
Trog
Uskayaw
Vehumet
Wu Jian
Xom
Yredelemnul
Zin
The Shining One

Shops:
D:4 (

Annotations:
D:2 Natasha, Sigmund


Innate Abilities, Weirdness & Mutations

You are a venomous arachnid creature.
You have poisonous fangs.
You are tiny and dextrous.
Your spellcasting is less reliable in this form.
Your armour is entirely melded.
You are incapable of wielding weapons or throwing items.
((You have very sharp teeth.))
Your uncanny sense of smell can sniff out nearby items.
Your experience applies equally to all skills.


Message History

Confirm with . or Enter, or press ? or * to list all spells.
You turn into a venomous arachnid creature.
The cursed +1 helmet of Ashenzari's Doubts {Elem, Bglg} melds into your body.
The cursed +0 pair of boots "Visionary Augurer" {Self, Comp} melds into your body.
The cursed +1 robe of Vines {NoPotionHeal Regen++++, Elem, Melee} melds into your body.
The vines fall away from your body! The centaur misses you. x2
You hit the centaur.
The centaur is poisoned.
The centaur is lightly wounded.
The centaur hits you. The centaur closely misses you.
The centaur hits you but does no damage.
The centaur completely misses you.
You hit the centaur.
The centaur looks as sick as possible!
The centaur is heavily wounded.
The manticore flicks its tail.
The volley of spikes misses you. The centaur barely misses you. x2
Unknown command.
You bite the centaur!
You kill the centaur!
The manticore flicks its tail.
The volley of spikes hits you!!
The barbed spikes become lodged in your body.
* * * LOW HITPOINT WARNING * * *
You feel much better.
The manticore flicks its tail.
The volley of spikes misses you.
An orc comes into view. It is wielding a +0 club.
The barbed spikes dig painfully into your body as you move.
The manticore bites you. The manticore misses you. The manticore claws you!
An orc comes into view. It is wielding a +0 war axe.
The orc moves out of view.
You bite the manticore!
The manticore is moderately wounded.
The manticore completely misses you. The manticore claws you!
* * * LOW HITPOINT WARNING * * *
The manticore claws you!
* * * LOW HITPOINT WARNING * * *
You hit the manticore but do no damage.
The manticore is poisoned.
The manticore is moderately wounded.
The manticore bites you!!
You die...

, ,,
#..##..#........
##..##..#.......#
,, ,
........#.......#
, , ,,
........#.......
,
###..###'#....>..
, ,, .####......#
* ...........#
........^..# , ,,
........s).# ,
........H..# * *
###...........
#.............* ,
,
,,+.............
* #.<..o........
........######. *
, ........#,, * ,
, , , *


You could see a manticore (very poisoned) and an orc.

Vanquished Creatures
  A two-headed ogre (D:9)
  Pikel (D:5)
  Maggie (D:6)
  A hornet (D:9)
  Grinder (D:4)
  A wyvern (D:7)
  A steam dragon (D:8)
  Menkaure (D:7)
  A water moccasin (D:5)
  3 orc warriors
  2 sky beasts
  An ogre (D:7)
  A black bear (D:7)
  5 centaurs
  3 phantoms (D:5)
  A lemure (D:5)
  A kobold brigand (D:5)
  4 bullfrogs
  A scorpion (D:6)
  3 water moccasin zombies (Ossuary)
  5 wights
  An electric eel (D:8)
  3 howler monkeys (D:9)
  A hound (D:5)
  A jelly (D:5)
  2 gnoll boudas
  3 orc priests
  An iguana (D:6)
  5 orc wizards
  2 mummies (Ossuary)
  Robin (D:4)
  12 gnolls
  7 adders
  2 shadow imps (D:7)
  2 white imps (D:7)
  3 adder zombies (Ossuary)
  4 dart slugs
  A worm (D:4)
  23 orcs
  4 bats
  9 endoplasms
  2 giant cockroaches
  5 gnoll zombies (Ossuary)
  10 goblins
  6 hobgoblins
  8 kobolds
  A quokka (D:5)
  4 ball pythons
  5 frilled lizards
  4 hobgoblin zombies (Ossuary)
  8 kobold zombies (Ossuary)
  2 orc zombies (Ossuary)
  6 rats
187 creatures vanquished.

Vanquished Creatures (others)
  A plant (D:3)
1 creature vanquished.

Grand Total: 188 creatures vanquished

Notes
Turn   | Place    | Note
-------+----------+-------------------------------------------
     0 | D:1      | Woods the Gnoll Transmuter began the quest for the Orb.
     0 | D:1      | Reached XP level 1. HP: 17/17 MP: 6/6
   169 | D:1      | Reached XP level 2. HP: 16/23 MP: 5/7
   721 | D:1      | Found a faded altar of an unknown god.
   934 | D:1      | Reached skill level 5 in Spellcasting
   934 | D:1      | Reached XP level 3. HP: 28/28 MP: 6/9
  1057 | D:2      | Noticed Sigmund
  1063 | D:2      | Learned a level 2 spell: Wereblood
  1067 | D:2      | Learned a level 3 spell: Spider Form
  1110 | D:2      | Reached skill level 1 in Invocations
  1404 | D:2      | Noticed Natasha
  1536 | D:2      | Reached skill level 1 in Short Blades
  1536 | D:2      | Reached skill level 1 in Long Blades
  1536 | D:2      | Reached skill level 1 in Axes
  1536 | D:2      | Reached skill level 1 in Maces & Flails
  1536 | D:2      | Reached skill level 1 in Polearms
  1536 | D:2      | Reached skill level 1 in Staves
  1536 | D:2      | Reached skill level 1 in Ranged Weapons
  1536 | D:2      | Reached skill level 1 in Throwing
  1536 | D:2      | Reached skill level 1 in Armour
  1536 | D:2      | Reached skill level 1 in Stealth
  1536 | D:2      | Reached skill level 1 in Shields
  1536 | D:2      | Reached skill level 1 in Evocations
  1726 | D:2      | Reached XP level 4. HP: 34/34 MP: 9/11
  2253 | D:3      | Reached skill level 1 in Conjurations
  2253 | D:3      | Reached skill level 1 in Hexes
  2253 | D:3      | Reached skill level 1 in Summonings
  2253 | D:3      | Reached skill level 1 in Necromancy
  2253 | D:3      | Reached skill level 1 in Translocations
  2253 | D:3      | Reached skill level 1 in Fire Magic
  2253 | D:3      | Reached skill level 1 in Ice Magic
  2253 | D:3      | Reached skill level 1 in Air Magic
  2253 | D:3      | Reached skill level 1 in Earth Magic
  2253 | D:3      | Reached skill level 1 in Poison Magic
  2716 | D:4      | Noticed Grinder
  2716 | D:4      | Noticed Robin
  2764 | D:4      | Reached XP level 5. HP: 17/40 MP: 10/12
  2862 | D:4      | Killed Robin
  2892 | D:4      | Killed Grinder
  2893 | D:4      | Reached skill level 5 in Dodging
  2893 | D:4      | Reached XP level 6. HP: 6/47 MP: 10/14
  3167 | D:4      | Found a sand-covered staircase.
  3181 | Ossuary  | Entered an ossuary
  3362 | Ossuary  | Reached skill level 7 in Unarmed Combat
  3362 | Ossuary  | Reached XP level 7. HP: 42/52 MP: 15/15
  3625 | D:4      | Found Naoss's Weapon Emporium.
  3635 | D:4      | Found a basalt altar of Yredelemnul.
  3635 | D:4      | Found a sacrificial altar of Ru.
  3635 | D:4      | Found a radiant altar of Vehumet.
  3635 | D:4      | Found a white marble altar of Elyvilon.
  3903 | D:4      | Found a shadowy altar of Dithmenos.
  4359 | D:4      | Found a staircase to the Ecumenical Temple.
  4512 | Temple   | Entered the Ecumenical Temple
  4612 | Temple   | Became a worshipper of Ashenzari the Shackled
  4694 | D:5      | Entered Level 5 of the Dungeon
  5088 | D:5      | Found a sparkling altar of Nemelex Xobeh.
  5412 | D:5      | Reached XP level 8. HP: 60/60 MP: 16/16
  5542 | D:5      | Found a burning altar of Makhleb.
  5551 | D:5      | Noticed Pikel
  5585 | D:5      | HP: 3/60 [Pikel/+0 whip of flaming (4)]
  5961 | D:5      | Killed Pikel
  6584 | D:5      | Reached skill level 5 in Transmutations
  6714 | D:5      | Reached XP level 9. HP: 66/66 MP: 18/18
  7251 | D:5      | Reached skill level 5 in Fighting
  8166 | D:6      | Identified the cursed +0 pair of boots "Visionary Augurer"
                  | {Self, Comp} (You found it on level 1 of the Dungeon)
  8251 | D:6      | Noticed Maggie
  8552 | D:6      | Killed Maggie
  8553 | D:6      | Reached skill level 8 in Unarmed Combat
  8553 | D:6      | Reached skill level 5 in Invocations
  9081 | D:7      | Noticed a manticore
  9207 | D:7      | Reached * piety under Ashenzari
  9207 | D:7      | Identified a scroll of acquirement
  9268 | D:7      | Noticed Menkaure
  9278 | D:7      | Killed Menkaure
  9301 | D:7      | Identified the cursed +1 helmet of Ashenzari's Doubts
                  | {Elem, Bglg} (You took it off Robin on level 4 of the
                  | Dungeon)
  9589 | D:7      | Found the +1 robe of Vines {NoPotionHeal Regen++++}
  9789 | D:7      | Identified the +6 hand axe of Ewnetulu {vorpal, Fly rPois
                  | Str+4}
  9988 | D:8      | Reached skill level 5 in Short Blades
  9988 | D:8      | Reached skill level 5 in Long Blades
  9988 | D:8      | Reached skill level 5 in Axes
  9988 | D:8      | Reached skill level 5 in Maces & Flails
  9988 | D:8      | Reached skill level 5 in Polearms
  9988 | D:8      | Reached skill level 5 in Staves
  9988 | D:8      | Reached skill level 5 in Ranged Weapons
  9988 | D:8      | Reached skill level 5 in Throwing
  9988 | D:8      | Reached skill level 5 in Armour
  9988 | D:8      | Reached skill level 5 in Stealth
  9988 | D:8      | Reached skill level 5 in Shields
  9988 | D:8      | Reached skill level 5 in Evocations
  9999 | D:8      | Reached XP level 10. HP: 76/76 MP: 20/20
 10954 | D:9      | Found an opulent altar of Gozag.
 10969 | D:9      | Noticed a two-headed ogre
 10991 | D:9      | Killed a two-headed ogre
 11218 | D:9      | Reached ** piety under Ashenzari
 11649 | D:10     | Entered Level 10 of the Dungeon
 11711 | D:10     | Learned a level 4 spell: Passage of Golubria
 11755 | D:10     | Noticed a manticore
 11768 | D:10     | Mangled by a manticore

Illustrated notes

Levels and vault maps discovered:
D:1:      minmay_arrival_nine_rooms, layout_basic,
          chequers_ecumenical_altar_twisty, minmay_quantized
D:2:      layout_loops_cross, uniq_natasha, uniq_sigmund
D:3:      layout_basic, serial_bayou_lagoon_b
D:4:      layout_cave_pools, nicolae_dithmenos_shadow_blocks,
          chequers_temple_overflow_statue_of_worship, lemuel_temple_firewalk_b,
          serial_shops, nicolae_shop_hallway_stairs, enter_ossuary_3,
          uniq_grinder, uniq_robin
D:5:      layout_gridville, hangedman_feature_mirror, uniq_pikel
D:6:      layout_cave_pools, uniq_maggie
D:7:      layout_basic, minmay_checkerbox, uniq_menkaure
D:8:      cheibrodos_helix_gallery, layout_loops_ring
D:9:      layout_long_grid, nicolae_gozag_seed_capital, serial_glass,
          glass_columns_a, glass_columns_a
D:10:     layout_gridville, mainiacjoe_overflow_catch_the_wave
Temple:   jpeg_temple_clearing

Skill      XL: |  1  2  3  4  5  6  7  8  9 10 |
---------------+-------------------------------+-----
Spellcasting   | 5 6 7 |  7.6
Invocations    | 1 2 3 4 5 6 |  6.2
Short Blades   | 1 2 3 5 |  5.6
Long Blades    | 1 2 3 5 |  5.6
Axes           | 1 2 3 5 |  5.6
Maces & Flails | 1 2 3 5 |  5.6
Polearms       | 1 2 3 5 |  5.6
Staves         | 1 2 3 5 |  5.6
Ranged Weapons | 1 2 3 5 |  5.6
Throwing       | 1 2 3 5 |  5.6
Armour         | 1 2 3 5 |  5.6
Stealth        | 1 2 3 5 |  5.6
Shields        | 1 2 3 5 |  5.6
Evocations     | 1 2 3 5 |  5.6
Conjurations   | 1 2 3 4 |  4.6
Hexes          | 1 2 3 4 |  4.6
Summonings     | 1 2 3 4 |  4.6
Necromancy     | 1 2 3 4 |  4.6
Translocations | 1 2 3 4 |  4.6
Fire Magic     | 1 2 3 4 |  4.6
Ice Magic      | 1 2 3 4 |  4.6
Air Magic      | 1 2 3 4 |  4.6
Earth Magic    | 1 2 3 4 |  4.6
Poison Magic   | 1 2 3 4 |  4.6
Fighting       | 3 4 5 6 |  6.2
Transmutations | 4 5 6 |  6.1
Dodging        | 5 6 7 |  7.3
Unarmed Combat | 7 8 |  8.7

Action                   |  1- 3 |  4- 6 |  7- 9 | 10-12 || total
-------------------------+-------+-------+-------+-------++-------
Melee: Unarmed           |    59 |   128 |   279 |   118 ||   584
       Headbutt          |     9 |    12 |     5 |     4 ||    30
       Kick              |     6 |    22 |     6 |     7 ||    41
       Punch             |     3 |     5 |     1 |     1 ||    10
       Bite              |     5 |     6 |     4 |     2 ||    17
 Cast: Beastly Appendage |    17 |    24 |     7 |     1 ||    49
       Spider Form       |       |     3 |    36 |    11 ||    50
       Wereblood         |       |     1 |     1 |     2 ||     4
       Passage of Golubr |       |       |       |     3 ||     3
Invok: Curse Item        |       |       |     2 |     1 ||     3
 Abil: End Transformatio |       |       |     3 |     2 ||     5
  Use: Scroll            |     1 |       |     9 |       ||    10
       Potion            |       |       |     1 |     1 ||     2
 Stab: Sleeping          |       |     1 |     7 |       ||     8
Armor: Robe              |     9 |    13 |       |     8 ||    30
       Skin              |       |       |     9 |     3 ||    12
Dodge: Dodged            |    36 |    67 |   221 |   118 ||   442
